Cogmind - Beta 14 @@@ ROGUE MODE // 2024.09.24 @ 01:12:02 Player: BionicBot Result: Destroyed by B-75 Beast with Magnetic Acceleration Cannon Performance ------------- Evolutions (1) 500 Regions Visited (5) 1000 Robots Destroyed (0) 0 Value Destroyed (0) 0 Prototype IDs (0) 0 Alien Tech Used (0) 0 Bonus (200) 200 TOTAL SCORE: 1700 Bonus ------- Pacifist 200 Cogmind --------- Core Integrity 0/400 Matter 300/300 Energy 99/100 System Corruption 0% Temperature Cool (0) Movement Core (50) Location -6/Proximity Caves Parts ------- > --- POWER (1) -------- (None) > --- PROPULSION (2) --- (None) > --- UTILITY (4) ------ (None) > --- WEAPON (2) ------- (None) > --- INVENTORY (5) ---- (None) Peak State ------------ > --- POWER ------------ (None) > --- PROPULSION ------- Flight Unit > --- UTILITY ---------- (None) > --- WEAPON ----------- (None) > --- INVENTORY -------- (None) [Rating: 1] Favorites ----------- Power None Propulsion Flight Unit Flight Unit Flight Unit Utility None Weapon None Build | -11 -10 -9 -9 -7 -6 ------- Run | Yrd Mat Mat Min Zio Pro Slots Evolved 2 | . . 2 . . . Power . | . . . . . . Propulsion . | . . . . . . Utility 2 | . . 2 . . . Weapon . | . . . . . . Parts Attached 1 | . . 1 . . . Power . | . . . . . . Engine . | . . . . . . Core . | . . . . . . Reactor . | . . . . . . Propulsion 1 | . . 1 . . . Treads . | . . . . . . Leg . | . . . . . . Wheel . | . . . . . . Hover . | . . . . . . Flight 1 | . . 1 . . . Utility . | . . . . . . Device . | . . . . . . Storage . | . . . . . . Processor . | . . . . . . Hackware . | . . . . . . Protection . | . . . . . . Artifact . | . . . . . . Weapon . | . . . . . . Energy Gun . | . . . . . . Energy Cannon . | . . . . . . Ballistic Gun . | . . . . . . Ballistic Cannon . | . . . . . . Launcher . | . . . . . . Special Weapon . | . . . . . . Impact Weapon . | . . . . . . Slashing Weapon . | . . . . . . Piercing Weapon . | . . . . . . Special Melee Weapon . | . . . . . . Unidentified Prototypes . | . . . . . . Parts Lost 1 | . . . 1 . . Power . | . . . . . . Propulsion 1 | . . . 1 . . Utility . | . . . . . . Weapon . | . . . . . . Highest Loss Streak 1 | . . . 1 . . To Critical Strikes . | . . . . . . Average Slot Usage (%) 1 | . . 11 7 . . Flight 1 | . . 11 7 . . Peak Build Rating 1 | . . 1 1 . . Average Rating . | . . . . . . On Entrance . | . . . 1 . . Naked Turns 196 | . 49 6 18 23 100 Heaviest Build . | . . . . . . Greatest Support 4 | 3 3 4 4 3 3 Greatest Overweight (x) . | . . . . . . Average Overweight (x) . | . . . . . . Largest Inventory Capacity 5 | 5 5 5 5 5 5 Average Capacity 5 | 5 5 5 5 5 5 Most Carried . | . . . . . . Average Carried . | . . . . . . Final Capacity 5 | 5 5 5 5 5 5 Final Carried . | . . . . . . Class Distribution -------------------- 100% | Mutant Dominant Class ---------------- Mutant | -10/Materials Mutant | -9/Materials Mutant | -9/Mines Mutant | -7/Zion Mutant | -6/Proximity Caves Resources | -11 -10 -9 -9 -7 -6 ----------- Run | Yrd Mat Mat Min Zio Pro Matter Collected 196 | 168 . . . . 28 Remotely . | . . . . . . Salvage Created . | . . . . . . Parts . | . . . . . . Haulers Intercepted . | . . . . . . Recyclers Shooed . | . . . . . . Parts Field Recycled . | . . . . . . Retrieved Matter . | . . . . . . Parts Self-Destructed . | . . . . . . Prevented . | . . . . . . Kills | -11 -10 -9 -9 -7 -6 ------- Run | Yrd Mat Mat Min Zio Pro Combat Hostiles Destroyed . | . . . . . . Classes Destroyed . | . . . . . . Best Kill Streak . | . . . . . . Combat Bots Only . | . . . . . . Max Kills in Single Turn . | . . . . . . Gunslinging . | . . . . . . Exploded . | . . . . . . Melee . | . . . . . . Uniques/NPCs Destroyed . | . . . . . . Combat | -11 -10 -9 -9 -7 -6 -------- Run | Yrd Mat Mat Min Zio Pro Hostile Shots Fired 70 | . 22 2 21 . 25 Missed 32 | . 8 1 11 . 12 Damage Taken 558 | . 116 11 91 . 340 Core 538 | . 116 11 71 . 340 Absorbed by Shields . | . . . . . . Core Remaining (%) 76 | 100 53 . . . . Volleys Fired . | . . . . . . Largest . | . . . . . . Hottest . | . . . . . . Shots Fired . | . . . . . . Gun . | . . . . . . Cannon . | . . . . . . Launcher . | . . . . . . Special . | . . . . . . Kinetic . | . . . . . . Thermal . | . . . . . . Explosive . | . . . . . . Electromagnetic . | . . . . . . Robot Hit Streak . | . . . . . . Robot Miss Streak . | . . . . . . Penetration Max . | . . . . . . Secondary Targets . | . . . . . . Shots Hit Robots . | . . . . . . Core Hits . | . . . . . . Critical Kills . | . . . . . . Critical Parts Destroyed . | . . . . . . Critical Strikes . | . . . . . . Melee Attacks . | . . . . . . Impact . | . . . . . . Slashing . | . . . . . . Piercing . | . . . . . . Sneak Attacks . | . . . . . . Combat Hostiles . | . . . . . . Follow-up Attacks . | . . . . . . Damage Inflicted 5 | . 5 . . . . Guns . | . . . . . . Cannons . | . . . . . . Explosions . | . . . . . . Melee . | . . . . . . Ramming 5 | . 5 . . . . Kinetic . | . . . . . . Thermal . | . . . . . . Explosive . | . . . . . . Electromagnetic . | . . . . . . Impact . | . . . . . . Slashing . | . . . . . . Piercing . | . . . . . . Highest Corruption . | . . . . . . Average Corruption . | . . . . . . Corruption Purged . | . . . . . . Corruption Blocked . | . . . . . . Overload Shots . | . . . . . . Overflow Damage . | . . . . . . Projectiles . | . . . . . . Explosions . | . . . . . . Melee . | . . . . . . Knockbacks . | . . . . . . Impact . | . . . . . . Kinetic . | . . . . . . Secondary . | . . . . . . Self-Inflicted Damage 2 | . 2 . . . . Shots . | . . . . . . Rammed 3 | . 3 . . . . Targets Rammed 3 | . 3 . . . . Kicked . | . . . . . . Crushed . | . . . . . . Highest Temperature . | . . . . . . Average Temperature . | . . . . . . Received Heat Transfer 87 | . . 6 6 . 75 Siege Activations . | . . . . . . Robots Corrupted . | . . . . . . Combat Hostiles . | . . . . . . Parts Fried . | . . . . . . Impact Corruptions . | . . . . . . Robots Melted . | . . . . . . Combat Hostiles . | . . . . . . Parts Melted . | . . . . . . Heat Transferred . | . . . . . . Parts Sabotaged . | . . . . . . Parts Stolen . | . . . . . . Parts Stripped . | . . . . . . Power Chain Reactions . | . . . . . . Alert | -11 -10 -9 -9 -7 -6 ------- Run | Yrd Mat Mat Min Zio Pro Peak Influence 60 | . 60 25 20 . . Initial 25 | . . 25 15 . . Average 18 | . 21 25 13 . . Maximum Alert Level . | . . . . . . Low Security (%) 100 | 100 100 100 100 . . Level 1 . | . . . . . . Level 2 . | . . . . . . Level 3 . | . . . . . . Level 4 . | . . . . . . Level 5 . | . . . . . . High Security . | . . . . . . Max Security . | . . . . . . Squads Dispatched 4 | . 3 1 . . . Investigation 3 | . 2 1 . . . Extermination . | . . . . . . Reinforcement 1 | . 1 . . . . Assault . | . . . . . . Garrison . | . . . . . . Intercept . | . . . . . . Searches Triggered . | . . . . . . Construction Impeded . | . . . . . . Haulers Reinforced . | . . . . . . Active Scanning Responses . | . . . . . . Cargo Convoy Interrupts . | . . . . . . Stealth | -11 -10 -9 -9 -7 -6 --------- Run | Yrd Mat Mat Min Zio Pro Distress Signals . | . . . . . . Communications Jammed . | . . . . . . Distress Signals . | . . . . . . Times Spotted 22 | . 8 2 7 . 5 Peak Tracking Total 6 | . 6 3 6 . 4 Tactical Retreats 4 | . 1 . 1 . 2 Traps | -11 -10 -9 -9 -7 -6 ------- Run | Yrd Mat Mat Min Zio Pro Traps Triggered 1 | . 1 . . . . Indirectly . | . . . . . . Trap Hack Attempts . | . . . . . . Triggered . | . . . . . . Disarmed . | . . . . . . Reprogrammed . | . . . . . . Reused . | . . . . . . Traps Extracted . | . . . . . . Installed . | . . . . . . Triggered . | . . . . . . Machines | -11 -10 -9 -9 -7 -6 ---------- Run | Yrd Mat Mat Min Zio Pro Machines Disabled . | . . . . . . Max in Single Turn . | . . . . . . Machines Repaired . | . . . . . . Machines Dismantled . | . . . . . . Machines Sabotaged . | . . . . . . Overloaded Fab Kills . | . . . . . . Hacking | -11 -10 -9 -9 -7 -6 --------- Run | Yrd Mat Mat Min Zio Pro Machines Accessed 2 | . 1 1 . . . Terminals 2 | . 1 1 . . . Fabricators . | . . . . . . Repair Stations . | . . . . . . Recycling Units . | . . . . . . Scanalyzers . | . . . . . . Garrison Access . | . . . . . . Total Hacks 7 | . 3 4 . . . Successful . | . . . . . . Failed 7 | . 3 4 . . . Catastrophic 4 | . 1 3 . . . Database Lockouts . | . . . . . . Manual 7 | . 3 4 . . . Terminals 7 | . 3 4 . . . Fabricators . | . . . . . . Repair Stations . | . . . . . . Recycling Units . | . . . . . . Scanalyzers . | . . . . . . Garrison Access . | . . . . . . Terminal Hacks . | . . . . . . Fabricator Hacks . | . . . . . . Repair Station Hacks . | . . . . . . Recycling Unit Hacks . | . . . . . . Scanalyzer . | . . . . . . Garrison Access Hacks . | . . . . . . Unauthorized Hacks . | . . . . . . Terminals . | . . . . . . Fabricators . | . . . . . . Repair Stations . | . . . . . . Recycling Units . | . . . . . . Scanalyzers . | . . . . . . Garrison Access . | . . . . . . Data Cores Recovered . | . . . . . . Used . | . . . . . . Hacking Detections 2 | . 1 1 . . . Full Trace Events 2 | . 1 1 . . . Feedback Events . | . . . . . . Feedback Blocked . | . . . . . . Robot Schematics Acquired . | . . . . . . Robots Built . | . . . . . . Authchips . | . . . . . . Time . | . . . . . . Total Robot Build Rating . | . . . . . . Part Schematics Acquired . | . . . . . . Parts Built . | . . . . . . Authchips . | . . . . . . Time . | . . . . . . Total Part Build Rating . | . . . . . . Parts Repaired . | . . . . . . Time . | . . . . . . Parts Recycled . | . . . . . . Recycled Matter . | . . . . . . Retrieved Matter . | . . . . . . Retrieved Components . | . . . . . . Parts Scanalyzed . | . . . . . . Part Schematics Acquired . | . . . . . . Parts Damaged . | . . . . . . Bothacking | -11 -10 -9 -9 -7 -6 ------------ Run | Yrd Mat Mat Min Zio Pro Used RIF Installer . | . . . . . . Robots Hacked . | . . . . . . Non-combat . | . . . . . . Combat . | . . . . . . Robot Hacks Applied . | . . . . . . Relay Couplers Released . | . . . . . . Fabnet Peak Effective % . | . . . . . . Robots Rewired . | . . . . . . Allies Hacked . | . . . . . . Hacks Repelled . | . . . . . . Allies | -11 -10 -9 -9 -7 -6 -------- Run | Yrd Mat Mat Min Zio Pro Total Allies . | . . . . . . Largest Group . | . . . . . . Highest-Rated Group . | . . . . . . Highest-Rated Ally . | . . . . . . Total Orders . | . . . . . . Ally Attacks . | . . . . . . Total Damage . | . . . . . . Kills . | . . . . . . Allies Corrupted . | . . . . . . Allies Melted . | . . . . . . Intel | -11 -10 -9 -9 -7 -6 ------- Run | Yrd Mat Mat Min Zio Pro Robot Analysis Total . | . . . . . . Derelict Logs Recovered 3 | . . . 1 . 2 Drone Launches . | . . . . . . Drone Recoveries . | . . . . . . Exploration | -11 -10 -9 -9 -7 -6 ------------- Run | Yrd Mat Mat Min Zio Pro Turns Passed 241 | 10 49 28 31 23 100 Spaces Moved 487 | 20 91 63 69 45 199 Core 402 | 20 91 10 37 45 199 Treads . | . . . . . . Legs . | . . . . . . Wheels . | . . . . . . Hover . | . . . . . . Flight 85 | . . 53 32 . . Fastest Speed 40 | 50 50 40 40 50 50 Average Speed 48 | 50 50 41 45 50 50 Slowest Speed 50 | 50 50 50 50 50 50 Overloaded Moves . | . . . . . . Propulsion Burnouts . | . . . . . . Robots Hopped 3 | . . 3 . . . Cave-ins Triggered . | . . . . . . Exploration Rate (%) 17 | 3 26 8 22 9 34 Regions Visited 5 Branch Regions 3 Pre-discovered Areas . | . . . . . . Known Exits Taken . | . . . . . . Unknown Exits Taken 5 | 1 1 1 1 1 . Scrap Searched 1 | . . . . . 1 Spaces Dug . | . . . . . . Terrain Destroyed . | . . . . . . Melee . | . . . . . . Projectile . | . . . . . . AOE . | . . . . . . Terrain Rammed . | . . . . . . Walls Destroyed . | . . . . . . Machines Disabled . | . . . . . . Actions | -11 -10 -9 -9 -7 -6 --------- Run | Yrd Mat Mat Min Zio Pro Total 483 | 19 93 60 68 44 199 Wait . | . . . . . . Move 476 | 19 90 56 68 44 199 Hop 3 | . . 3 . . . Pick Up . | . . . . . . Fast Attach 1 | . . 1 . . . Attach . | . . . . . . Detach . | . . . . . . Swap . | . . . . . . Drop . | . . . . . . Fire . | . . . . . . Melee . | . . . . . . Ram 3 | . 3 . . . . Kick . | . . . . . . Crush . | . . . . . . Escape Stasis . | . . . . . . Rewire . | . . . . . . Trap . | . . . . . . Miscellaneous . | . . . . . . Route ------- -11/Scrapyard -10/Materials (discovered 2 exits: *Mat / [*Min]) -9/Materials -9/Mines -7/Zion -6/Proximity Caves History --------- Turn | Location | Event 4 | -11/Scrapyard | Discovered new exit (range 14) 11 | -11/Scrapyard | Entered Materials 26 | -10/Materials | Discovered new exit (range 14) 58 | -10/Materials | Discovered new exit (range 3) 60 | -10/Materials | Entered another Materials area 60 | -9/Materials | Evolved 2 slots: Utility x2 85 | -9/Materials | Discovered new exit (range 8) 88 | -9/Materials | Entered Mines 114 | -9/Mines | A Derelict revealed a hidden shortcut to a safe place 119 | -9/Mines | Entered Zion 134 | -7/Zion | Discovered new exit (range 16) 142 | -7/Zion | Entered Proximity Caves 148 | -6/Proximity Caves | Learned Factory security intel 151 | -6/Proximity Caves | Learned location of 2 exits from Factory 183 | -6/Proximity Caves | Core integrity fell below 50% 228 | -6/Proximity Caves | Spotted B-75 Beast 232 | -6/Proximity Caves | Core integrity fell below 20% 242 | -6/Proximity Caves | Destroyed by B-75 Beast with Magnetic Acceleration Cannon Last Messages --------------- VA-9LO(z) disappears into a concealed tunnel. 00117_ Acquired derelict log, extracted data. Data stored: Lower Caves entrances (x1). LOCATION=UNKNOWN GOAL=ESCAPE 00121_ VA-9LO(z): "It's not far from here, follow me." 00134_ EXIT=FOUND LOCATION=UNKNOWN GOAL=ESCAPE 00148_ Acquired derelict log, extracted data. Data stored: Factory security intel. 00151_ Acquired derelict log, extracted data. Data stored: Factory exits (x2). 00160_ Searching scrap... 00160_ Found 33 Matter. 00160_ Found Hcp. Matter Pod. 00160_ Found Imp. Medium Treads. 00160_ Found 46 Matter. 00175_ Critical hit (Burn: +37). 00181_ Acquired 28 matter. Map ----- +----------------------------------------------------+ | ?????????????????????????????????????????????????? | | ?????????????????????????????????????????????????? | | ?????????????????????????????????????????????????? | | ?????????????????????????????????????????????????? | | ?????????????????????????????????????????????????? | | ?????????????????????????????????????????????????? | | ?????????????????????????????????????????????????? | | ?????????????????????????????????????????????????? | | ?????????????????????????????????????????????????? | | ?????????????????????????????????????????????????? | | ?????????????????????????????????????????????????? | | ??????????????????????????###????????????????????? | | ?????????????????????????# #????????????????????? | | ????????????????????????? ?????????????????????? | | ????????????????????##?## ?????????????????????? | | ???????????????????? ## ?????????????????????? | | ????????????????????? ?????????????????????? | | ????????????????????? ?????????????????????? | | ?????????????????????? #?????????????????????? | | ?????????????????????? ####??????????????????? | | ??????????????????????? ???????????????????? | | ??????????????????????? ????????????????????? | | ???????????????????????# #????????????????????? | | ??????????????????????## #????????????????????? | | ???????????# ######### #?????????????????????? | | ?????????? @###????????????????????? | | ?????????????????##### # #????????????????????? | | ????????????????????## #"#????????????????????? | | ????????????????????# ##???????????????????? | | ???????????????????## ##??????????????????? | | ???????????????????# #??????????????????? | | ???????????????????## #??????????????????? | | ????????????????????# ##??????????????????? | | ????????????????????# #???????????????????? | | ???? ??????????????# ##??????????????????? | | ??? ??????????????# #??????????????????? | | ??? ??????????????## #??????????????????? | | ???? ???????????????## ##??????????????????? | | ???? ##??????????????## #???????????????????? | | ???? ##??????????????## #???????????????????? | | ????? #??????????????### "#"#?????????????????? | | ????? #??????????????# #??????????????????? | | ?????# #?????????????## #??????????????????? | | ?????# #?????????????# #??????????????????? | | ???### ####??????????# #??????????????????? | | ???# # ###????????# #??????????????????? | | ??## ##???????# #??????????????????? | | ??# ##??????# ####??????????????????? | | #?# ##?????## %#?????????????????????? | | ### #?????## ##????????????????????? | +----------------------------------------------------+ Best States ------------- Heat Dissipation 28 Energy Generation 5 Energy Capacity 100 Matter Stores 300 Matter Capacity 300 Sight Range 16 Terrain Scan Density 10 Evasion (%) 62 Item Schematics ----------------- None Robot Schematics ------------------ None Fabricated ------------ Nothing Alien Tech Used ----------------- None Achievements -------------- None Challenges ------------ None Game ------ Seed SupersonicStealthProtomatter Manual? 0 Play Time 00:04:34 Cumulative 145.7 hours Start 2024.09.24 @ 01:08:38 End 2024.09.24 @ 01:12:02 Sessions 1 Manual Loads 0 Difficulty Rogue Special Mode None Game No. 117 Rogue 117 Adventurer 0 Explorer 0 Win Type - Total 6 Types 5/0/1/0/0/0/0/0/0 Lore% 43 Gallery% 56 Achievement% 53 Wizard Run 0 Options --------- Layout 0 ASCII 0 Keyboard 1 Movement Numpad Keybinds 0 Fullscreen 2 Font 18/X11 Map View 76x50 Zoom Use 0% Tactical HUD 1 Map Filters NONE Filters NONE Steam 1 RUN: 99459a04-a33d-4c24-9eb4-8a4b5b7050de